 Dungeon Crawl Stone Soup version 0.28-a0-1143-gcf6077d4cc (webtiles) character file.

Game seed: 12246084098966199908

54 leviel the Skirmisher (level 3, 0/33 HPs)
             Began as a Hill Orc Fighter on Dec 13, 2021.
             Slain by Jessica (1 damage)
             ... on level 3 of the Dungeon.
             The game lasted 00:02:00 (1622 turns).

leviel the Skirmisher (Hill Orc Fighter)            Turns: 1622, Time: 00:02:01

Health: 0/33       AC:  7    Str: 20    XL:     3   Next: 91%
Magic:  3/3        EV:  9    Int: 14    God:
Gold:   43         SH:  4    Dex: 10    Spells: 2/2 levels left

rFire   . . .      SeeInvis .   a - +0 war axe
rCold   . . .      Faith    .   c - +0 buckler
rNeg    . . .      Spirit   .   b - +0 scale mail
rPois   .          Reflect  .   (no helmet)
rElec   .          Harm     .   (no cloak)
rCorr   .          Rampage  .   (no gloves)
Will    .....                   (no boots)
Stlth   ..........              (no amulet)
HPRegen 0.11/turn               j - +6 ring of intelligence
MPRegen 0.08/turn               (no ring)

@: slowed, very slow
A: no striking features
a: no special abilities


You were on level 3 of the Dungeon.
You visited 1 branch of the dungeon, and saw 3 of its levels.

You collected 56 gold pieces.
You spent 13 gold pieces at shops.

Inventory:

Hand Weapons
 a - a +0 war axe (weapon)
Armour
 b - a +0 scale mail (worn)
 c - a +0 buckler (worn)
Jewellery
 j - a +6 ring of intelligence (left hand)
 k - a ring of see invisible
Scrolls
 f - a scroll of identify {@r1}
 i - a scroll of teleportation {unknown}
 l - a scroll of torment {unknown}
Potions
 d - a potion of might
 e - a potion of flight
 g - a potion of curing {unknown}
 h - a potion of invisibility {unknown}


   Skills:
 + Level 4.2 Fighting
 + Level 3.6 Axes
 + Level 3.8 Armour
 + Level 3.8 Shields


You had 2 spell levels left.
You didn't know any spells.
Your spell library contained the following spells:

 Spells                   Type           Power      Damage    Failure   Level
 Apportation              Tloc           0%         N/A       63%         1
 Ensorcelled Hibernation  Hex/Ice        0%         N/A       77%         2
 Portal Projectile        Hex/Tloc       0%         N/A       94%         3
 Spider Form              Tmut/Pois      0%         N/A       94%         3
 Alistair's Intoxication  Tmut/Pois      0%         N/A       100%        5
 Blade Hands              Tmut           0%         N/A       100%        5
 Excruciating Wounds      Necr           0%         N/A       100%        5


Dungeon Overview and Level Annotations

Branches:
Dungeon (3/15)

Altars:

Shops:
D:1 !

Annotations:
D:3 Jessica


Message History

You are too injured to fight recklessly!
You are too injured to fight recklessly!
You are too injured to fight recklessly!
You are too injured to fight recklessly!
You are too injured to fight recklessly!
You hit Jessica but do no damage. Jessica misses you.
Jessica gestures wildly while chanting.
Jessica blinks!
Found a broad axe.
Jessica hits you but does no damage.
You hit Jessica.
Jessica is lightly wounded.
Jessica closely misses you.
Jessica casts a spell.
Jessica blinks!
Jessica points at you and mumbles some strange words.
You feel as though you will be slow longer.
Jessica hits you with a +0 dagger. x2
You hit Jessica.
Jessica is severely wounded.
Jessica hits you with a +0 dagger.
Jessica points at you and mumbles some strange words.
Pain shoots through your body!
* * * LOW HITPOINT WARNING * * *
Jessica grins evilly.
Jessica gestures at you while chanting. You resist with some effort.
You barely miss Jessica.
Jessica is severely wounded.
Jessica hits you but does no damage. Jessica hits you with a +0 dagger.
* * * LOW HITPOINT WARNING * * *
You block Jessica's attack.
You closely miss Jessica.
Jessica is severely wounded.
Jessica hits you with a +0 dagger.
* * * LOW HITPOINT WARNING * * *
Jessica points at you and mumbles some strange words.
Pain shoots through your body!
* * * LOW HITPOINT WARNING * * *
Jessica hits you with a +0 dagger.
You die...

.......#...###..
....#....#.....#..
###.#......#..##.#
##.#.........##.#
#........###.##.### ##
##.#..#.#..........###..)
#..#....#####.#..#.....#
..##...## ##...#......##
..##.>.# #...@@.8.8...#
..##..## #.##.8.....8..
..##..# #.#...........
####..# ......##+##...
.###..## .. .. ##.. # ##
##. #


You could see Jessica (fast).

Vanquished Creatures
  2 adders (D:2)
  2 dart slugs (D:1)
  4 bats
  4 endoplasms
  2 giant cockroaches (D:1)
  2 goblins
  A hobgoblin (D:1)
  3 quokkas
  4 ball pythons
  2 frilled lizards (D:1)
  3 kobolds
  A rat (D:2)
30 creatures vanquished.

Notes
Turn   | Place    | Note
-------+----------+-------------------------------------------
     0 | D:1      | leviel the Hill Orc Fighter began the quest for the Orb.
     0 | D:1      | Reached XP level 1. HP: 19/19 MP: 1/1
    83 | D:1      | Found a faded altar of an unknown god.
   112 | D:1      | Reached XP level 2. HP: 21/27 MP: 2/2
   632 | D:1      | Reached skill level 4 in Fighting
   632 | D:1      | Reached XP level 3. HP: 33/33 MP: 3/3
   637 | D:1      | Found Hobbewog's Distillery.
   646 | D:1      | Bought a potion of degeneration for 13 gold pieces
  1609 | D:3      | Noticed Jessica
  1622 | D:3      | HP: 1/33 [Jessica/nerve-wracking pain (1)]
  1622 | D:3      | Slain by Jessica

Illustrated notes

Levels and vault maps discovered:
D:1:      elethiomel_arrival_infinity_welcomes_careful_drivers,
          layout_loops_ring, serial_shops, shop, basic_ecumenical_altar,
          serial_bayou_pond_c, serial_bayou_pond_e
D:2:      layout_basic, feat_on_display
D:3:      layout_rooms, chequers_temple_overflow_minitemple, zin_statuary,
          uniq_jessica

Skill      XL: |  1  2 |
---------------+-------+-----
Axes           | 3 |  3.6
Fighting       | 4 |  4.2
Armour         | |  3.8
Shields        | |  3.8

Action                   || total
-------------------------++-------
Melee: War axe           ||    98
  Use: Scroll            ||     2
Armor: Scale mail        ||    48
Dodge: Dodged            ||    37
Block: Buckler           ||    29

Table legend: (Time is in decaauts)
 A = Elapsed time spent in this place.
 B = Non-inter-level travel time spent in this place.
 C = Inter-level travel time spent in this place.
 D = Time resting spent in this place.
 E = Time spent auto-exploring this place.
 F = Levels seen in this place.
 G = Mean time per level.
                   A        B        C        D        E       F      G
               +--------+--------+--------+--------+--------+-----+--------+
         Total |   1662 |   1605 |     57 |      0 |   1356 |   3 |  554.0 |
       Dungeon |   1662 |   1605 |     57 |      0 |   1356 |   3 |  554.0 |
               +--------+--------+--------+--------+--------+-----+--------+

Top non-repeatable levels by time:
     D:2: 806 daAuts
     D:1: 766 daAuts
     D:3: 90 daAuts
